Cogmind - Beta 10.2 *** ADVENTURER MODE // 2021.07.19 @ 14:44:08 // Winter2019/RPGLIKE Player: Yog-Sothoth Result: Self-destructed Performance ------------- Evolutions (1) 500 Regions Visited (3) 600 Robots Destroyed (19) 95 Value Destroyed (430) 430 Prototype IDs (3) 60 Alien Tech Used (0) 0 Bonus (-37) -37 TOTAL SCORE: 1648 Bonus ------- Friendly Fire -37 Cogmind --------- Core Integrity 356/600 Matter 300/300 Energy 194/250 System Corruption 0% Temperature Cool (32) Movement Rolling (90) Location -9/Materials Parts ------- > --- POWER (1) -------- Ion Engine > --- PROPULSION (2) --- Armored Wheel Armored Wheel > --- UTILITY (4) ------ Experimental Sensor Array Signal Interpreter Advanced Terrain Scanner Advanced Targeting Computer > --- WEAPON (1) ------- EM Pulse Cannon > --- INVENTORY (3) ---- Hover Unit Hover Unit Flight Unit Peak State ------------ > --- POWER ------------ Ion Engine > --- PROPULSION ------- Armored Wheel Armored Wheel > --- UTILITY ---------- Experimental Sensor Array Signal Interpreter Advanced Terrain Scanner Advanced Targeting Computer > --- WEAPON ----------- EM Pulse Cannon > --- INVENTORY -------- Flight Unit [Rating: 21] Favorites ----------- Power Ion Engine Engine Ion Engine Propulsion Armored Wheel Leg Aluminum Leg Wheel Armored Wheel Hover Unit Hover Unit Utility Signal Interpreter Device Improved Heat Sink Processor Signal Interpreter Weapon Spread Laser Energy Gun Spread Laser Energy Cannon EM Pulse Cannon Ballistic Gun Assault Rifle Ballistic Cannon Light Cannon Build | -11 -10 -10 -9 ------- Run | Scr Mat Min Mat Slots Evolved 4 | 3 . . 1 Power . | . . . . Propulsion 1 | 1 . . . Utility 3 | 2 . . 1 Weapon . | . . . . Parts Attached 22 | 4 14 3 1 Power 3 | 1 2 . . Engine 3 | 1 2 . . Core . | . . . . Reactor . | . . . . Propulsion 7 | 2 5 . . Treads . | . . . . Leg 2 | 2 . . . Wheel 2 | . 2 . . Hover 3 | . 3 . . Flight . | . . . . Utility 7 | . 4 2 1 Device 5 | . 3 2 . Storage . | . . . . Processor 2 | . 1 . 1 Hackware . | . . . . Protection . | . . . . Artifact . | . . . . Weapon 5 | 1 3 1 . Energy Gun 1 | . 1 . . Energy Cannon 2 | . 1 1 . Ballistic Gun 1 | 1 . . . Ballistic Cannon 1 | . 1 . . Launcher . | . . . . Special Weapon . | . . . . Impact Weapon . | . . . . Slashing Weapon . | . . . . Piercing Weapon . | . . . . Special Melee Weapon . | . . . . Unidentified Prototypes 1 | . . 1 . Parts Lost . | . . . . Power . | . . . . Propulsion . | . . . . Utility . | . . . . Weapon . | . . . . Highest Loss Streak . | . . . . Average Slot Usage (%) 96 | . 94 99 100 Engine 13 | . 14 14 12 Leg 6 | . 9 . . Wheel 14 | . 7 28 25 Hover 6 | . 10 . . Device 25 | . 24 27 25 Processor 13 | . 12 14 25 Energy Gun 4 | . 4 6 . Energy Cannon 3 | . . 6 12 Ballistic Gun 2 | . 4 . . Ballistic Cannon 3 | . 4 . . Naked Turns . | . . . . Heaviest Build 13 | 7 11 13 13 Greatest Support 24 | 20 24 24 24 Greatest Overweight (x) 1 | 1 1 . . Average Overweight (x) . | . . . . Largest Inventory Capacity 3 | . . 3 3 Average Capacity . | . . 2 3 Most Carried 3 | . . 3 3 Average Carried . | . . 1 2 Final Capacity 3 | . . 3 3 Final Carried 3 | . . 2 3 Class Distribution -------------------- 100% | Mutant Dominant Class ---------------- Mutant | -10/Materials Mutant | -10/Mines Mutant | -9/Materials Resources | -11 -10 -10 -9 ----------- Run | Scr Mat Min Mat Matter Collected 593 | 240 313 30 10 Remotely . | . . . . Salvage Created 636 | . 460 36 140 Parts 30 | . 18 4 8 Haulers Intercepted 3 | . 2 . 1 Recyclers Shooed . | . . . . Parts Field Recycled . | . . . . Retrieved Matter . | . . . . Parts Self-Destructed . | . . . . Prevented . | . . . . Kills | -11 -10 -10 -9 ------- Run | Scr Mat Min Mat Combat Hostiles Destroyed 11 | . 6 3 2 Guns 7 | . 4 3 . Cannons 3 | . 2 . 1 AOE 1 | . . . 1 Classes Destroyed 5 | . 4 1 . Hauler 3 | . 2 . 1 Recycler 1 | . 1 . . Watcher 4 | . 3 . 1 Swarmer 3 | . . 3 . Grunt 8 | . 6 . 2 Best Kill Streak 3 | . 3 3 2 Combat Bots Only 3 | . 2 3 2 Max Kills in Single Turn 1 | . 1 1 1 Gunslinging . | . . . . Exploded 1 | . . . 1 Melee . | . . . . Uniques/NPCs Destroyed . | . . . . Combat | -11 -10 -10 -9 -------- Run | Scr Mat Min Mat Damage Taken 536 | . 412 35 89 Core 455 | . 349 29 77 Absorbed by Shields . | . . . . Redirected to Core 259 | . 203 10 46 Core Remaining (%) 76 | 100 . 52 . Volleys Fired 70 | . 59 5 6 Largest 1 | . 1 1 1 Hottest 65 | . 65 65 63 Shots Fired 70 | . 59 5 6 Gun 48 | . 43 5 . Cannon 22 | . 16 . 6 Launcher . | . . . . Special . | . . . . Kinetic 53 | . 53 . . Thermal 11 | . 6 5 . Explosive . | . . . . Electromagnetic 6 | . . . 6 Robot Hit Streak 26 | . 26 15 6 Robot Miss Streak 4 | . 4 4 . Penetration Max . | . . . . Secondary Targets . | . . . . Shots Hit Robots 59 | . 48 5 6 Core Hits 40 | . 27 7 6 Critical Hits . | . . . . Critical Kills . | . . . . Critical Parts Destroyed . | . . . . Melee Attacks . | . . . . Impact . | . . . . Slashing . | . . . . Piercing . | . . . . Sneak Attacks . | . . . . Combat Hostiles . | . . . . Follow-up Attacks . | . . . . Damage Inflicted 1101 | . 677 63 361 Guns 555 | . 492 63 . Cannons 359 | . 183 . 176 Explosions 185 | . . . 185 Melee . | . . . . Ramming 2 | . 2 . . Kinetic 585 | . 585 . . Thermal 338 | . 90 63 185 Explosive . | . . . . Electromagnetic 176 | . . . 176 Impact . | . . . . Slashing . | . . . . Piercing . | . . . . Highest Corruption 1 | . 1 1 . Average Corruption 1 | . 1 1 . Corruption Purged . | . . . . Effects 6 | . 4 2 . Message Errors 2 | . 2 . . Energy Discharges 2 | . 1 1 . Data Loss (minor) 2 | . 1 1 . Overload Shots . | . . . . Overflow Damage . | . . . . Projectiles . | . . . . Explosions . | . . . . Melee . | . . . . Knockbacks 1 | . 1 . . Impact . | . . . . Kinetic 1 | . 1 . . Secondary . | . . . . Self-Inflicted Damage 73 | . . . 73 Shots 2 | . . . 2 Rammed . | . . . . Targets Rammed 1 | . 1 . . Kicked 1 | . 1 . . Crushed . | . . . . Highest Temperature 54 | . . . 54 Average Temperature 22 | . . . 22 Received Heat Transfer 300 | . 288 . 12 Siege Activations . | . . . . Robots Corrupted . | . . . . Combat Hostiles . | . . . . Parts Fried . | . . . . Impact Corruptions . | . . . . Robots Melted . | . . . . Combat Hostiles . | . . . . Parts Melted . | . . . . Heat Transferred 390 | . 115 75 200 Parts Sabotaged . | . . . . Parts Stolen . | . . . . Parts Stripped . | . . . . Power Chain Reactions 2 | . . . 2 Missiles Intercepted . | . . . . Alert | -11 -10 -10 -9 ------- Run | Scr Mat Min Mat Peak Influence 216 | . 216 95 79 Initial 10 | . . 10 . Average 47 | . 52 48 27 Maximum Alert Level 1 | . 1 . . Low Security (%) 98 | 100 96 100 100 Level 1 1 | . 3 . . Level 2 . | . . . . Level 3 . | . . . . Level 4 . | . . . . Level 5 . | . . . . High Security . | . . . . Max Security . | . . . . Squads Dispatched . | . . . . Investigation . | . . . . Extermination . | . . . . Reinforcement . | . . . . Assault . | . . . . Garrison . | . . . . Intercept . | . . . . Construction Impeded . | . . . . Haulers Reinforced . | . . . . Stealth | -11 -10 -10 -9 --------- Run | Scr Mat Min Mat Distress Signals 2 | . 2 . . Communications Jammed . | . . . . Distress Signals . | . . . . Times Spotted 22 | . 15 3 4 Peak Tracking Total 3 | . 3 3 1 Tactical Retreats . | . . . . Traps | -11 -10 -10 -9 ------- Run | Scr Mat Min Mat Traps Triggered 2 | . 2 . . Indirectly . | . . . . Trap Hack Attempts . | . . . . Triggered . | . . . . Disarmed . | . . . . Reprogrammed . | . . . . Reused . | . . . . Traps Extracted . | . . . . Installed . | . . . . Triggered . | . . . . Machines | -11 -10 -10 -9 ---------- Run | Scr Mat Min Mat Machines Disabled . | . . . . Max in Single Turn . | . . . . Machines Sabotaged . | . . . . Garrisons Compromised . | . . . . Overloaded Fab Kills . | . . . . Fab Network Shutdowns . | . . . . Hacking | -11 -10 -10 -9 --------- Run | Scr Mat Min Mat Machines Accessed 10 | . 9 1 . Terminals 7 | . 7 . . Fabricators . | . . . . Repair Stations . | . . . . Recycling Units 2 | . 2 . . Scanalyzers . | . . . . Garrison Access . | . . . . Total Hacks 17 | . 16 1 . Successful 12 | . 11 1 . Failed 5 | . 5 . . Catastrophic . | . . . . Database Lockouts . | . . . . Manual 1 | . 1 . . Terminals 13 | . 13 . . Fabricators . | . . . . Repair Stations . | . . . . Recycling Units 3 | . 3 . . Scanalyzers . | . . . . Garrison Access . | . . . . Terminal Hacks 8 | . 7 1 . Prototype ID Bank 1 | . 1 . . Open Door 1 | . . 1 . Locate Traps 3 | . 3 . . Registered Components 1 | . 1 . . Registered Prototypes 1 | . 1 . . Zone Layout 1 | . 1 . . Fabricator Hacks . | . . . . Repair Station Hacks . | . . . . Recycling Unit Hacks 3 | . 3 . . Report Inventory 3 | . 3 . . Scanalyzer . | . . . . Garrison Access Hacks . | . . . . Unauthorized Hacks 1 | . 1 . . Terminals 1 | . 1 . . Botnet 1 | . 1 . . Fabricators . | . . . . Repair Stations . | . . . . Recycling Units . | . . . . Scanalyzers . | . . . . Garrison Access . | . . . . Data Cores Recovered . | . . . . Used . | . . . . Hacking Detections 5 | . 5 . . Full Trace Events . | . . . . Feedback Events . | . . . . Feedback Blocked . | . . . . Robot Schematics Acquired . | . . . . Robots Built . | . . . . Matter . | . . . . Time . | . . . . Total Robot Build Rating . | . . . . Part Schematics Acquired . | . . . . Parts Built . | . . . . Matter . | . . . . Time . | . . . . Total Part Build Rating . | . . . . Parts Repaired . | . . . . Time . | . . . . Parts Recycled . | . . . . Recycled Matter . | . . . . Retrieved Matter . | . . . . Retrieved Components . | . . . . Parts Scanalyzed . | . . . . Part Schematics Acquired . | . . . . Parts Damaged . | . . . . Bothacking | -11 -10 -10 -9 ------------ Run | Scr Mat Min Mat Used RIF Installer . | . . . . Robots Hacked . | . . . . Non-combat . | . . . . Combat . | . . . . Robot Hacks Applied . | . . . . Relay Couplers Released . | . . . . Robots Rewired . | . . . . Allies Hacked . | . . . . Hacks Repelled . | . . . . Allies | -11 -10 -10 -9 -------- Run | Scr Mat Min Mat Total Allies . | . . . . Largest Group . | . . . . Highest-Rated Group . | . . . . Highest-Rated Ally . | . . . . Total Orders . | . . . . Ally Attacks . | . . . . Total Damage . | . . . . Kills . | . . . . Allies Corrupted . | . . . . Allies Melted . | . . . . Intel | -11 -10 -10 -9 ------- Run | Scr Mat Min Mat Robot Analysis Total . | . . . . Derelict Logs Recovered 1 | . . 1 . Drone Launches . | . . . . Drone Recoveries . | . . . . Exploration | -11 -10 -10 -9 ------------- Run | Scr Mat Min Mat Turns Passed 1824 | 55 1134 510 125 Spaces Moved 1567 | 43 929 481 114 Core 5 | 5 . . . Treads . | . . . . Legs 469 | 38 431 . . Wheels 898 | . 303 481 114 Hover 195 | . 195 . . Flight . | . . . . Fastest Speed 50 | 50 56 90 90 Average Speed 94 | 116 96 90 90 Slowest Speed 120 | 120 120 90 90 Overloaded Moves . | . . . . Propulsion Burnouts . | . . . . Robots Hopped . | . . . . Cave-ins Triggered . | . . . . Exploration Rate (%) 52 | 4 98 98 11 Regions Visited 3 Branch Regions 1 Pre-discovered Areas . | . . . . Known Exits Taken 2 | . 1 1 . Unknown Exits Taken 1 | 1 . . . Scrap Searched 1 | . . 1 . Spaces Dug . | . . . . Terrain Destroyed 6 | . . . 6 Melee . | . . . . Projectile . | . . . . AOE 6 | . . . 6 Terrain Rammed . | . . . . Walls Destroyed . | . . . . Machines Disabled . | . . . . Actions | -11 -10 -10 -9 --------- Run | Scr Mat Min Mat Total 1832 | 46 1103 553 130 Wait 145 | . 85 58 2 Move 1564 | 42 928 480 114 Hop . | . . . . Pick Up 6 | . . 4 2 Fast Attach 17 | 4 12 1 . Attach 3 | . . 2 1 Detach . | . . . . Swap 2 | . 2 . . Drop 14 | . 11 3 . Fire 70 | . 59 5 6 Melee . | . . . . Ram . | . . . . Kick 1 | . 1 . . Crush . | . . . . Escape Stasis . | . . . . Rewire . | . . . . Trap . | . . . . Miscellaneous 10 | . 5 . 5 Route ------- -11/Scrapyard -10/Materials (discovered 4 exits: *Mat x3 / *Min) -10/Mines (discovered 2 exits: *Mat x2) -9/Materials (discovered 3 exits: Mat x2 / *Sto) History --------- Turn | Location | Event 1 | -11/Scrapyard | Upgraded with Propulsion slot (x1) 1 | -11/Scrapyard | Upgraded with Utility slot (x2) 2 | -11/Scrapyard | Met Revision 17 10 | -11/Scrapyard | Discovered new exit (range 15) 56 | -11/Scrapyard | Entered Materials 308 | -10/Materials | Build established: Mutant 314 | -10/Materials | Discovered new exit (range 4) 372 | -10/Materials | Discovered new exit (range 13) 404 | -10/Materials | Identified exit to Mines 809 | -10/Materials | Discovered new exit (range 11) 931 | -10/Materials | Discovered new exit (range 12) 940 | -10/Materials | Identified exit to Materials 1190 | -10/Materials | Entered Mines 1203 | -10/Mines | Met a Derelict bent on vengeance 1223 | -10/Mines | Found a damaged Exp. Sensor Array with a note attached 1225 | -10/Mines | Found Prototype Device 1225 | -10/Mines | Identified Exp. Sensor Array 1310 | -10/Mines | Received a Rocket Launcher from a helpful Derelict 1328 | -10/Mines | Discovered exit to Materials (range 13) 1340 | -10/Mines | Reached level 2 1439 | -10/Mines | Met a Derelict who couldn't figure out how to use a Trap Extractor 1593 | -10/Mines | Learned 8 Materials zone layouts 1650 | -10/Mines | Discovered exit to Materials (range 15) 1700 | -10/Mines | Entered Materials 1701 | -9/Materials | Identified exit to Materials 1702 | -9/Materials | Reached level 3 1702 | -9/Materials | Upgraded with Utility slot (x1) 1719 | -9/Materials | Discovered new exit (range 15) 1731 | -9/Materials | Identified exit to Storage 1782 | -9/Materials | Reached level 4 1783 | -9/Materials | Core integrity fell below 50% 1825 | -9/Materials | Self-destructed Last Messages --------------- you." 01702_ Reached level 3. 01702_ Upgraded: Utility Slot (+1) 01702_ Upgraded: Heat Dissipation (+6) 01702_ Upgraded: Energy Generation (+5) 01719_ EXIT=FOUND 01731_ EXIT=IDENTIFIED: STORAGE 01736_ W-16 Scout destroyed. 01751_ Acquired Hover Unit. 01752_ Acquired 10 matter. 01753_ Acquired Hover Unit. 01781_ G-47 Trooper IFF system glitched. 01782_ Chain reaction triggered in Lgt. Nuclear Core. 01782_ Reached level 4. 01782_ G-47 Trooper destroyed. 01783_ G-34 Mercenary destroyed. 01798_ Used Protomatter to restore core integrity (+117, depleted) 01823_ Chain reaction triggered in Ion Engine. 01823_ A-02 Transporter destroyed. Map ----- +----------------------------------------------------+ | ???????????????????##??########### # #### | | ????????????????###?###?######?#?########## #### | | ????????????#??#?########?####?############ ##?? | | ?????????????#??##?####?####?############## ##?# | | x????????????##?#####?############?######## ##?# | | ?????????? ? #?########?################## ##?? | | ????????????? ###?#?####?## ####### #### | | ??????????""S ###?####?#### """ ####### #### | | ????????????? #?########### """"" ####### #?## | | ???????? ? ? #??########## """"" ####### #### | | ??????????? ############# """"" ####### ##?# | | ?????+??"?"?? ###?######### """ ###?### ##?# | | ?????????"" ############# ##?#### #### | | ??????? ? ######?###### ####### #### | | ?????????######################+########## ### | | ????????#??### ### | | ?????????xx * > ### | | ??????#?###### % ### | | ???????? ?# ##############+########## ##? | | ?????????? #? ############# ########### | | ???????? # #?########### ##?#?###### | | ???????"?? + ####### ; ##########? | | ???? ??" ?"" # ; ######?###? | | "# """ Y" # /! ==; ###??###### | | "# """ "" # t / /%!%[ #####?##### | | """# #######+##;g@*!=# #####?###?# | | ################# ;; ## ######?##?# | | #??# # ## ###################### | | #??# """"" # "" ## ## #############?# | | #??# """"" # T" ## ## """#############?# | | ##?# """"" # "" ## ## """########?#???## | | #?# # ## ## """## ? #?##? | | x###########+############ ## ## ? ?#??? | | x ##?####### ###+###? ? #?##? | | X ########## # ##??? | | x ####???#?# + ? ?? X???? | | ########### ##?####### # ?? ??#???? | | ########### #?#???#### ###### # ?? ??#???? | | ## # x##################?#? # ?? ????? | | ## "" # ?? ? ? ? ? ? ????? | | ## """# ? ?? #####????????? | | # R"# ? ? ? ??? ??????? | | # """# ???? ? ? ? ???????? | | + # x ?"? ?"??? ? ?? ???????? | | # # ######### ???" "?"?? ?? ????????? | | # # # # ?"?"???"? ???x??????????? | | ########### # """ # ? ? ????? ? ? ??????????? | | # """ + ? ??? ? ??x?????????????? | | # """ # #?? | | # # #?? | +----------------------------------------------------+ Best States ------------- Heat Dissipation 39 Energy Generation 15 Energy Capacity 250 Matter Stores 300 Matter Capacity 300 Sight Range 16 Robot Scan Range 52 Terrain Scan Range 20 Terrain Scan Density 310 ECM Strength 1 Resistance: KI 20 Resistance: TH 20 Resistance: EX 20 Resistance: EM 20 Resistance: I 20 Resistance: S 20 Resistance: P 20 Evasion (%) 53 Targeting Accuracy 8 Offensive Hacking 10 Item Schematics ----------------- None Robot Schematics ------------------ None Fabricated ------------ Nothing Alien Tech Used ----------------- None Achievements -------------- None Challenges ------------ None RPGLIKE | -11 -10 -10 -9 --------- Run | Scr Mat Min Mat Levels Raised 3 | . . 1 2 XP Earned 8682 | 4000 925 850 2907 XP Spent 6945 | 3995 . 1500 1450 Upgrades 23 | 17 . 3 3 Propulsion Slot 1 | 1 . . . Utility Slot 3 | 2 . . 1 Heat Dissipation 1 | . . . 1 Energy Generation 1 | . . . 1 Inventory Capacity 3 | . . 3 . Sensor Range 11 | 11 . . . Terrain Scan Density 3 | 3 . . . Protomatter Created 87 | . 34 . 53 Integrity Restored 217 | . 100 . 117 Core 211 | . 94 . 117 Parts 6 | . 6 . . Protomatter Decayed 50 | . . 50 . Game ------ Seed WeldingCompositeManipulator Manual? 0 Play Time 00:19:29 Cumulative 77.6 hours Start 2021.01.31 @ 20:58:35 End 2021.07.19 @ 14:44:08 Sessions 3 Manual Loads 0 Difficulty Adventurer Special Mode Winter2019/RPGLIKE Game No. 67 Rogue 0 Adventurer 63 Explorer 4 Win Type - Total 0 Types 0/0/0/0/0/0/0/0/0 Lore% 37 Gallery% 53 Achievement% 42 Wizard Run 0 Options --------- ASCII 0 Keyboard 0 Movement Mouse Keybinds 0 Fullscreen 2 Font 20/SmallcapsGlow Map View 66x50 Tactical HUD 1 Map Filters NONE Filters NONE Steam 1 RUN: 083acf3e-d075-418c-b2fc-d5daf2e22aea